[Event "Titled Tuesday Blitz July 11 Late 2023"]
[White "Salazar Farias, Luis German"]
[Black "Geivondian, Arman"]
[WhiteFideId "3902170"]
[BlackFideId "24102032"]
[WhiteElo "2381"]
[BlackElo "2553"]
[Result "1-0"]
[Round "6"]
[TimeControl "180+2"]
[Date "2023.07.11"]
[WhiteClock "0:00:04"]
[BlackClock "0:01:49"]
[Board "95"]

1. d4 Nf6 2. c4 e6 3. Nc3 Bb4 4. Qc2 O-O 5. Nf3 d5 6. a3 Bxc3+ 7. Qxc3 c5 8. dxc5 Nbd7 9. Bg5 Nxc5 10. cxd5 Nce4 11. Bxf6 gxf6 12. Qd4 Qxd5 13. Qxd5 exd5 14. Nd4 Be6 15. e3 Rac8 16. Be2 Rc7 17. O-O Rfc8 18. Rfd1 a6 19. Bf3 Nd6 20. h3 Nc4 21. Rab1 Kf8 22. Ne2 Rc5 23. Nf4 Nb6 24. Nd3 R5c7 25. Kf1 Ke7 26. Nf4 Rd8 27. Ne2 Nc4 28. Nd4 Ne5 29. Be2 Nc6 30. Rbc1 Rdc8 31. Nxc6+ Rxc6 32. Rxc6 Rxc6 33. Bd3 h6 34. Ke2 a5 35. Kd2 Rb6 36. Kc3 Kd6 37. Rd2 a4 38. Kc2 Rc6+ 39. Kd1 Rc5 40. Bc2 b5 41. Rd4 Rc8 42. Bd3 Rg8 43. g3 Kc5 44. h4 h5 45. Kd2 Bg4 46. Rb4 Rb8 47. Rd4 f5 48. Rb4 Rb6 49. Kc3 Bf3 50. Kd2 Be4 51. Kc3 f6 52. Kd2 Kc6 53. Kc3 Kc5 54. Kd2 Rb8 55. Kc3 Bxd3 56. Kxd3 Kd6 57. Rf4 Ke5 58. Rb4 Rb6 59. f3 Ke6 60. Kd4 Kd6 61. e4 dxe4 62. fxe4 fxe4 63. Kxe4 Ke6 64. Kf4 Kf7 65. Kf5 Rb8 66. g4 hxg4 67. Kxg4 Ke6 68. h5 f5+ 69. Kf4 Kf6 70. Rd4 Rb6 71. Rd5 b4 72. Rxf5+ Kg7 73. Ra5 bxa3 74. bxa3 Kh6 75. Kg4 Rb1 76. Ra6+ Kh7 77. Rxa4 Rg1+ 78. Kf5 Kh6 79. Ke5 Kxh5 80. Rf4 Kg5 81. a4 Re1+ 82. Re4 Ra1 83. Kd5 Kf5 84. Rc4 Rd1+ 85. Kc6 Ke6 86. a5 Ra1 87. Rc5 Ke7 88. Kc7 Ke6 89. Rc6+ Kd5 90. a6 Ra2 91. Kb7 Rh2 92. a7 Ra2 93. Ra6 Rb2+ 94. Rb6 1-0


[Site "https://www.chess.com"]

[Event "Titled Tuesday Blitz July 11 Late 2023"]
[White "Slovineanu, Viacheslav"]
[Black "Domingo Nunez, Ruben"]
[WhiteFideId "13900510"]
[BlackFideId "22245570"]
[WhiteElo "2378"]
[BlackElo "2549"]
[Result "0-1"]
[Round "6"]
[TimeControl "180+2"]
[Date "2023.07.11"]
[WhiteClock "0:00:10"]
[BlackClock "0:00:57"]
[Board "96"]

1. d4 g6 2. e4 Bg7 3. Nc3 c6 4. f4 d5 5. e5 f6 6. Be3 Nh6 7. h3 O-O 8. Nf3 fxe5 9. dxe5 e6 10. Qd2 Nd7 11. O-O-O c5 12. Nxd5 exd5 13. Qxd5+ Kh8 14. e6 Qb6 15. exd7 Qxb2+ 16. Kd2 Bxd7 17. Qb3 Qf6 18. Bd3 b5 19. Bxc5 Qxf4+ 20. Ke1 Qg3+ 21. Kf1 Rxf3+ 22. gxf3 Qxf3+ 23. Kg1 Qxd1+ 24. Kg2 Bc6+ 0-1


[Site "https://www.chess.com"]

[Event "Titled Tuesday Blitz July 11 Late 2023"]
[White "only_strong_moves"]
[Black "Davidson, Kevin"]
[BlackFideId "2056810"]
[WhiteElo "2543"]
[BlackElo "2373"]
[Result "1-0"]
[Round "6"]
[TimeControl "180+2"]
[Date "2023.07.11"]
[WhiteClock "0:00:05"]
[BlackClock "0:00:00"]
[Board "97"]

1. d4 Nf6 2. Nc3 d5 3. Bf4 a6 4. e3 e6 5. Nf3 c5 6. Be2 Nc6 7. O-O b5 8. dxc5 Bxc5 9. a4 b4 10. Na2 O-O 11. Nc1 a5 12. Bb5 Bb7 13. Nd3 Bd6 14. c4 bxc3 15. bxc3 Bxf4 16. exf4 Ne4 17. Rc1 Qb6 18. Nd2 Rfd8 19. Qe2 Nxd2 20. Qxd2 d4 21. c4 Rac8 22. f3 Ne7 23. Rfe1 Nf5 24. c5 Qa7 25. c6 Ba8 26. Re5 Qb6 27. Rec5 Rd5 28. Rxd5 exd5 29. Ne5 f6 30. Nd7 Qc7 31. h3 Qd6 32. Nb6 Rb8 33. c7 Qxb6 34. c8=Q+ Rxc8 35. Rxc8+ Kf7 36. Rxa8 Qc7 37. Rxa5 Kg6 38. Be8+ 1-0


[Site "https://www.chess.com"]

[Event "Titled Tuesday Blitz July 11 Late 2023"]
[White "Tarasova, Viktoriya"]
[Black "Graif, William"]
[WhiteFideId "4175840"]
[BlackFideId "2609835"]
[WhiteElo "2373"]
[BlackElo "2538"]
[Result "0-1"]
[Round "6"]
[TimeControl "180+2"]
[Date "2023.07.11"]
[WhiteClock "0:00:01"]
[BlackClock "0:00:08"]
[Board "98"]

1. d4 Nf6 2. c4 e6 3. Nc3 Bb4 4. Nf3 O-O 5. Bg5 h6 6. Bh4 g5 7. Bg3 Ne4 8. Qc2 f5 9. Nd2 Nxd2 10. Kxd2 Qf6 11. Be5 Qd8 12. h4 g4 13. e3 b6 14. a3 Bxc3+ 15. Qxc3 d6 16. Bf4 h5 17. Be2 Bb7 18. f3 Nd7 19. Rad1 Nf6 20. Kc1 Qe7 21. Kb1 Rae8 22. Bg5 Qf7 23. Bh6 e5 24. Bxf8 Kxf8 25. dxe5 Rxe5 26. Rhe1 Qe7 27. e4 fxe4 28. fxg4 hxg4 29. Qe3 Ke8 30. Rf1 Re6 31. h5 Kd7 32. h6 Qh7 33. Rf2 g3 34. Qxg3 e3+ 35. Ka1 exf2 36. Qxf2 Qxh6 37. Qf5 Qe3 38. Bg4 Nxg4 39. Qxg4 Qe2 40. Qg7+ Re7 0-1


[Site "https://www.chess.com"]

[Event "Titled Tuesday Blitz July 11 Late 2023"]
[White "Bobkov, Vadim"]
[Black "ArturoCaceres"]
[WhiteFideId "34110876"]
[WhiteElo "2531"]
[BlackElo "2372"]
[Result "0-1"]
[Round "6"]
[TimeControl "180+2"]
[Date "2023.07.11"]
[WhiteClock "0:00:07"]
[BlackClock "0:01:16"]
[Board "99"]

1. d4 e6 2. c4 d5 3. Nc3 dxc4 4. e4 c5 5. d5 exd5 6. Nxd5 Be6 7. Bxc4 Nc6 8. Ne2 Nf6 9. Nec3 Nd4 10. O-O Nxe4 11. Bf4 Nxc3 12. bxc3 Bxd5 13. Bxd5 Qxd5 14. Re1+ Be7 15. cxd4 Qd7 16. dxc5 O-O-O 17. Rxe7 Qxd1+ 0-1


[Site "https://www.chess.com"]

[Event "Titled Tuesday Blitz July 11 Late 2023"]
[White "Palencia Morales, Wilson Guillermo"]
[Black "Villuendas Valero, Adrian"]
[WhiteFideId "4401859"]
[BlackFideId "2262460"]
[WhiteElo "2526"]
[BlackElo "2372"]
[Result "1-0"]
[Round "6"]
[TimeControl "180+2"]
[Date "2023.07.11"]
[WhiteClock "0:00:08"]
[BlackClock "0:00:08"]
[Board "100"]

1. e4 c5 2. Nf3 e6 3. d4 cxd4 4. Nxd4 Nc6 5. Nb5 d6 6. c4 Nf6 7. N1c3 a6 8. Na3 Be7 9. Be2 O-O 10. O-O b6 11. Be3 Ne5 12. f4 Ned7 13. g4 Bb7 14. Bf3 h6 15. Qe2 Qc7 16. Rac1 Nc5 17. Bf2 Rac8 18. h4 Nh7 19. g5 hxg5 20. hxg5 e5 21. Nd5 Bxd5 22. cxd5 Qd8 23. Bg4 Rc7 24. fxe5 Bxg5 25. Rc3 dxe5 26. Nc4 Bf4 27. d6 Rb7 28. b4 Nxe4 29. Qxe4 Qg5 30. Qg2 Nf6 31. Qxb7 Nxg4 32. Qg2 Qh5 33. Rh3 Qg5 34. Rh4 f5 35. Rd1 Nxf2 36. Qxg5 Bxg5 37. Rh5 Ne4 38. Nxe5 Be3+ 39. Kg2 f4 40. Kf3 Nd2+ 41. Ke2 Rd8 42. Rdh1 g6 43. Rh8+ Kg7 44. Rxd8 Kf6 45. Ng4+ Kf5 46. Nxe3+ fxe3 47. Kxe3 Nc4+ 48. Kd4 Ne5 49. Rf1+ Kg4 50. Kxe5 a5 51. Rg8 Kg5 52. d7 Kh6 53. d8=Q axb4 54. Qh4# 1-0


[Site "https://www.chess.com"]

[Event "Titled Tuesday Blitz July 11 Late 2023"]
[White "Bogaudinov, Rushan"]
[Black "Bilan, Danila"]
[WhiteFideId "4129288"]
[BlackFideId "24161918"]
[WhiteElo "2368"]
[BlackElo "2517"]
[Result "1-0"]
[Round "6"]
[TimeControl "180+2"]
[Date "2023.07.11"]
[WhiteClock "0:00:49"]
[BlackClock "0:00:04"]
[Board "101"]

1. e4 c6 2. d4 d5 3. e5 c5 4. dxc5 e6 5. c4 Bxc5 6. cxd5 exd5 7. Nc3 Ne7 8. Nf3 Nbc6 9. h3 Qb6 10. Qd2 Bb4 11. a3 Bxc3 12. bxc3 Bf5 13. Be2 O-O 14. O-O Na5 15. Qg5 Qc7 16. Be3 h6 17. Qh4 Nb3 18. Rad1 Qxc3 19. Qxe7 Rad8 20. Nd4 Be4 21. Qb4 Rc8 22. Qxb3 Qxb3 23. Nxb3 Bc2 24. Nd4 Bxd1 25. Rxd1 Rc7 26. Nf5 Rd8 27. Bxa7 Rc2 28. Bf3 d4 29. Rxd4 Ra8 30. Bb6 Rxa3 31. Rd8+ Kh7 32. Ne3 Rc1+ 33. Kh2 g6 34. Bd4 Ra4 35. e6 Rxd4 36. Rxd4 fxe6 37. Bxb7 1-0


[Site "https://www.chess.com"]

[Event "Titled Tuesday Blitz July 11 Late 2023"]
[White "Zhang, Derek"]
[Black "cedchass2006"]
[WhiteFideId "2087871"]
[WhiteElo "2505"]
[BlackElo "2366"]
[Result "1-0"]
[Round "6"]
[TimeControl "180+2"]
[Date "2023.07.11"]
[WhiteClock "0:00:09"]
[BlackClock "0:00:15"]
[Board "102"]

1. Nf3 Nf6 2. c4 e6 3. e3 d5 4. Nc3 Be7 5. b3 O-O 6. Bb2 b6 7. Be2 Bb7 8. Qc2 c5 9. cxd5 Nxd5 10. h4 Nb4 11. Qb1 Ba6 12. Bxa6 N8xa6 13. d4 cxd4 14. exd4 Bf6 15. Qe4 Bxd4 16. O-O Nd3 17. Nxd4 Nxb2 18. Rab1 Nc5 19. Qe3 Nbd3 20. Rfd1 e5 21. Nf5 Qf6 22. Nd5 Qe6 23. b4 Kh8 24. Nfe7 Nf4 25. bxc5 bxc5 26. Nxf4 Qxe7 27. Nd5 Qxh4 28. Qxc5 h6 29. Qe7 Qxe7 30. Nxe7 Rfd8 31. Rxd8+ Rxd8 32. Rb7 Rd1+ 33. Kh2 Rd2 34. Rxa7 Rxf2 35. a4 e4 36. Nd5 Rd2 37. Nf4 g5 38. Nh3 e3 39. Re7 e2 40. Ng1 Ra2 41. Nxe2 Rxa4 42. Rxf7 Kg8 43. Rb7 Re4 44. Ng1 h5 45. Nf3 g4 46. Ng5 Re2 47. Kg3 h4+ 48. Kxg4 Rxg2+ 49. Kxh4 Kf8 50. Kh5 Ke8 51. Kg6 Kd8 52. Ra7 Kc8 53. Kf6 Kb8 54. Re7 Rf2+ 55. Ke5 Re2+ 56. Ne4 Re1 57. Kd6 Rd1+ 58. Kc6 Kc8 59. Re8+ Rd8 60. Nd6+ Kb8 61. Rxd8+ Ka7 62. Rc8 Ka6 63. Ra8# 1-0


[Site "https://www.chess.com"]

[Event "Titled Tuesday Blitz July 11 Late 2023"]
[White "Alahakoon, Isuru"]
[Black "Gasparyan, David"]
[WhiteFideId "9900993"]
[BlackFideId "13311980"]
[WhiteElo "2364"]
[BlackElo "2498"]
[Result "0-1"]
[Round "6"]
[TimeControl "180+2"]
[Date "2023.07.11"]
[WhiteClock "0:00:00"]
[BlackClock "0:00:16"]
[Board "103"]

1. Nf3 c5 2. c3 Nc6 3. d4 cxd4 4. cxd4 d5 5. Nc3 Bg4 6. Ne5 Nxe5 7. dxe5 d4 8. Qa4+ Qd7 9. Qxd7+ Bxd7 10. Ne4 Bc6 11. Ng3 e6 12. a3 Ne7 13. e3 dxe3 14. Bxe3 Ng6 15. f4 Be7 16. O-O-O O-O 17. Kb1 Rfd8 18. Bd3 Bxg2 19. Rhg1 Bf3 20. Be2 Bd5 21. Ka1 Rac8 22. f5 exf5 23. Nxf5 Bf8 24. Bg5 Rd7 25. h4 Be6 26. Nd4 Rxd4 27. Rxd4 Bc5 28. Rdd1 Bxg1 29. Rxg1 Kf8 30. h5 Nxe5 31. h6 f6 32. hxg7+ Kxg7 33. Bf4+ Ng6 34. Bf3 Kf7 35. Be3 b6 36. Rh1 Kg8 37. Bd2 Ne5 38. Be4 f5 39. Bb1 Ng6 40. Bc3 Rc7 41. Re1 Kf7 42. Rf1 h5 43. Bxf5 Bxf5 44. Rxf5+ Ke8 45. Rxh5 Kd7 46. Rg5 Ne7 47. Rg7 Ke6 48. Rh7 Rd7 49. Rh6+ Kd5 50. Rh5+ Kc4 51. Ka2 Nd5 52. Rh4+ Kc5 53. Bd4+ Kc6 54. Be5 Ne3 55. Rh6+ Kd5 56. Bc3 Nd1 57. Bh8 Kc4 58. Rh5 Rd2 59. Rh4+ Kb5 60. Rh5+ Ka6 61. Rh7 Rc2 62. Rh6 Rc7 63. Rh5 Nf2 64. Rh6 Ne4 65. Rh5 Nd6 66. Rh6 Nb5 67. Rh4 Rc8 68. Rh5 Nd6 69. Rh4 Nf7 0-1


[Site "https://www.chess.com"]

[Event "Titled Tuesday Blitz July 11 Late 2023"]
[White "Sebag, Marie"]
[Black "Daianu, Cristian-Clement"]
[WhiteFideId "617822"]
[BlackFideId "1208926"]
[WhiteElo "2496"]
[BlackElo "2363"]
[Result "1-0"]
[Round "6"]
[TimeControl "180+2"]
[Date "2023.07.11"]
[WhiteClock "0:00:54"]
[BlackClock "0:01:25"]
[Board "104"]

1. d4 f5 2. c4 Nf6 3. Nc3 e6 4. g3 Bb4 5. Bg2 d6 6. Nf3 O-O 7. O-O Qe8 8. Bd2 Bxc3 9. Bxc3 Nbd7 10. Nd2 e5 11. e3 Kh8 12. b4 Qg6 13. c5 Qh6 14. cxd6 cxd6 15. Nc4 f4 16. exf4 exf4 17. Bd2 Nh5 18. Bf3 Ndf6 19. Nxd6 Bh3 20. Re1 Rad8 21. Ne4 Rxd4 22. Qc1 Nxe4 23. Rxe4 Rxe4 24. Bxe4 Qe6 25. Qc5 Rd8 26. Qxh5 Rxd2 27. Re1 g6 28. Qc5 fxg3 29. Qc3+ 1-0


[Site "https://www.chess.com"]

[Event "Titled Tuesday Blitz July 11 Late 2023"]
[White "Spichkin, Alexander"]
[Black "Liu, Casper"]
[WhiteFideId "4144074"]
[BlackFideId "1454153"]
[WhiteElo "2355"]
[BlackElo "2492"]
[Result "1-0"]
[Round "6"]
[TimeControl "180+2"]
[Date "2023.07.11"]
[WhiteClock "0:01:19"]
[BlackClock "0:00:00"]
[Board "105"]

1. f4 d5 2. Nf3 c5 3. e3 Nc6 4. Bb5 Bd7 5. O-O Nf6 6. b3 e6 7. Bb2 Bd6 8. Bxc6 Bxc6 9. Ne5 Bxe5 10. Bxe5 d4 11. Na3 Qd5 12. Qe2 h5 13. Nc4 Rd8 14. d3 dxe3 15. Nxe3 Qd7 16. f5 Nd5 17. Bxg7 Rg8 18. Nxd5 Qxd5 19. f6 Qg5 20. Rae1 Rd4 21. g3 Rg4 22. Qe5 h4 23. Qxg5 Rxg5 24. Re3 hxg3 25. Rxg3 Re5 26. Kf2 Kd7 27. Re1 Rf5+ 28. Ke3 Rh5 29. Re2 Kc7 30. Kd2 Rd8 31. h3 b5 32. Rf2 c4 33. bxc4 bxc4 34. Rf4 cxd3 35. cxd3 Rhd5 36. h4 Bb5 37. Rff3 Rh5 38. Rf4 Rhd5 39. Rff3 Rd4 40. h5 Rh4 41. h6 Rhd4 42. Rh3 Kb6 43. h7 e5 44. h8=Q Rxh8 45. Bxh8 e4 46. Re3 exd3 47. Rh7 Ra4 48. Rxf7 Rxa2+ 49. Kc3 Rc2+ 50. Kb3 a5 51. Rf8 a4+ 52. Ka3 d2 53. Rd8 1-0


[Site "https://www.chess.com"]

[Event "Titled Tuesday Blitz July 11 Late 2023"]
[White "Novikov, Evgenij"]
[Black "The_Straightforward_Rook"]
[WhiteFideId "4125380"]
[WhiteElo "2485"]
[BlackElo "2325"]
[Result "1-0"]
[Round "6"]
[TimeControl "180+2"]
[Date "2023.07.11"]
[WhiteClock "0:01:18"]
[BlackClock "0:00:26"]
[Board "106"]

1. e4 e5 2. f4 exf4 3. Nf3 Nf6 4. Nc3 d5 5. exd5 Nxd5 6. Bc4 c6 7. O-O Bd6 8. d4 Nxc3 9. bxc3 O-O 10. Rb1 b5 11. Bd3 Be6 12. Ne5 Bxe5 13. dxe5 Bxa2 14. Rb4 Nd7 15. Bxf4 Nc5 16. Rd4 Bd5 17. Bxh7+ Kxh7 18. Qh5+ Kg8 19. Bg5 f6 20. exf6 Ne4 21. Rxe4 Qb6+ 22. Be3 Qc7 23. Re7 1-0


[Site "https://www.chess.com"]

[Event "Titled Tuesday Blitz July 11 Late 2023"]
[White "Kostiukov, Alexandr"]
[Black "Ladan, Nicholas"]
[WhiteFideId "14108100"]
[BlackFideId "30918855"]
[WhiteElo "2320"]
[BlackElo "2484"]
[Result "1-0"]
[Round "6"]
[TimeControl "180+2"]
[Date "2023.07.11"]
[WhiteClock "0:02:22"]
[BlackClock "0:01:37"]
[Board "107"]

1. g3 d5 2. Bg2 Bg4 3. c4 e6 4. cxd5 exd5 5. Qb3 Qe7 6. Qxb7 Qc5 7. Nc3 Qc6 8. Bxd5 Qxb7 9. Bxb7 c6 10. Bxa8 Kd7 11. d4 Bd6 12. d5 Nf6 13. Bxc6+ Nxc6 14. dxc6+ Kxc6 15. Be3 Rb8 16. O-O-O a5 17. Rxd6+ Kxd6 18. Bf4+ 1-0


[Site "https://www.chess.com"]

[Event "Titled Tuesday Blitz July 11 Late 2023"]
[White "Karas, Marek"]
[Black "Al Mukhaini, Shima"]
[WhiteFideId "14928558"]
[BlackFideId "22005854"]
[WhiteElo "2471"]
[BlackElo "2316"]
[Result "0-1"]
[Round "6"]
[TimeControl "180+2"]
[Date "2023.07.11"]
[WhiteClock "0:00:00"]
[BlackClock "0:00:19"]
[Board "108"]

1. h4 d5 2. d4 c5 3. dxc5 e6 4. e4 Bxc5 5. exd5 Nf6 6. Bg5 Qb6 7. Nh3 Ne4 8. Bd3 Nxf2 9. Nxf2 Bxf2+ 10. Kf1 Qxb2 11. Kxf2 Qxa1 12. Bb5+ Bd7 13. dxe6 fxe6 14. Qd6 Rf8+ 15. Kg3 Rf6 16. Re1 Bxb5 17. Bxf6 gxf6 18. Qxe6+ Kd8 19. Qe7+ Kc8 20. Qf8+ Kc7 21. Qc5+ Bc6 22. Re7+ Nd7 23. Nc3 Kd8 24. Rxh7 Nxc5 0-1


[Site "https://www.chess.com"]

[Event "Titled Tuesday Blitz July 11 Late 2023"]
[White "Luong Phuong Hanh"]
[Black "Da Matta, Eduardo Cesar"]
[WhiteFideId "12401013"]
[BlackFideId "2193108"]
[WhiteElo "2468"]
[BlackElo "2314"]
[Result "0-1"]
[Round "6"]
[TimeControl "180+2"]
[Date "2023.07.11"]
[WhiteClock "0:02:04"]
[BlackClock "0:01:33"]
[Board "109"]

1. d4 d5 2. c4 c6 3. Nf3 Nf6 4. Qc2 e6 5. g3 Nbd7 6. Bg2 Bd6 7. O-O O-O 8. Nbd2 b6 9. e4 dxe4 10. Nxe4 Be7 11. Rd1 Bb7 12. Ne5 Nxe4 13. Bxe4 Qc8 14. Bxh7+ Kh8 15. Be4 c5 16. Nxd7 Bxe4 17. Qxe4 Qxd7 18. Bf4 cxd4 19. Rxd4 Qa4 20. b3 Qb4 21. Bd6 Bxd6 22. a3 Qc5 23. b4 Qe5 24. Qd3 Be7 25. Rd1 Rad8 26. Qc3 Rxd4 27. Rxd4 Bf6 0-1


[Site "https://www.chess.com"]

[Event "Titled Tuesday Blitz July 11 Late 2023"]
[White "OllieAr"]
[Black "Estrada Nieto, Julian"]
[BlackFideId "5101018"]
[WhiteElo "2307"]
[BlackElo "2465"]
[Result "1-0"]
[Round "6"]
[TimeControl "180+2"]
[Date "2023.07.11"]
[WhiteClock "0:00:55"]
[BlackClock "0:00:30"]
[Board "110"]

1. Nf3 Nf6 2. c4 e6 3. Nc3 d5 4. d4 a6 5. cxd5 exd5 6. Bg5 Be7 7. e3 O-O 8. Bd3 Nbd7 9. O-O c6 10. a3 a5 11. Rb1 Re8 12. b4 axb4 13. axb4 b5 14. Ne5 Nxe5 15. dxe5 Nd7 16. Bxe7 Qxe7 17. f4 f6 18. Bxb5 Ra3 19. Bxc6 Rxc3 20. Qxd5+ Kh8 21. e6 Nb6 22. Qb5 Ba6 23. Qxb6 Bxf1 24. Rxf1 Qd8 25. Qxd8 Rxd8 26. e7 Rc8 27. e8=Q+ Rxe8 28. Bxe8 Rxe3 29. Bc6 Rb3 30. b5 g6 31. Rd1 Kg7 32. Rd7+ Kh6 33. Rb7 f5 34. Rb8 Kh5 35. b6 Kg4 36. b7 Kxf4 37. Re8 Rb1+ 38. Kf2 Rb2+ 39. Ke1 1-0


[Site "https://www.chess.com"]

[Event "Titled Tuesday Blitz July 11 Late 2023"]
[White "Rubio Tent, Francisco"]
[Black "Antonio, Jorge Carlos"]
[WhiteFideId "2238233"]
[BlackFideId "113190"]
[WhiteElo "2459"]
[BlackElo "2300"]
[Result "1-0"]
[Round "6"]
[TimeControl "180+2"]
[Date "2023.07.11"]
[WhiteClock "0:00:07"]
[BlackClock "0:00:00"]
[Board "111"]

1. d4 d5 2. Bf4 c6 3. e3 Nf6 4. c3 g6 5. Nf3 Bg7 6. Nbd2 O-O 7. h3 h5 8. Bd3 Nbd7 9. Ne5 Re8 10. Ndf3 Nxe5 11. Nxe5 Nd7 12. g4 Nxe5 13. dxe5 h4 14. Qf3 Qb6 15. O-O-O e6 16. g5 a5 17. Qg4 a4 18. a3 c5 19. Qxh4 c4 20. Bb1 Qc7 21. Qg3 b5 22. Rd2 b4 23. cxb4 c3 24. Rc2 cxb2+ 25. Kxb2 Qe7 26. Rhc1 Bd7 27. Rc7 Rec8 28. Qg1 Rxc7 29. Rxc7 Qd8 30. Qc1 Bb5 31. Qc5 Bc4 32. Bc2 Bf8 33. Qb6 Rb8 34. Qa7 Qe8 35. h4 Ra8 36. Qb7 Rb8 37. Qc6 Qd8 38. Qd7 Qxd7 39. Rxd7 Bb5 40. Rc7 Bc4 41. Bxa4 Bd3 42. Bc6 Rb6 43. Kc3 Bc4 44. Be8 1-0


[Site "https://www.chess.com"]

[Event "Titled Tuesday Blitz July 11 Late 2023"]
[White "Harish, Neeraj"]
[Black "Miguelitro69"]
[WhiteFideId "30958130"]
[WhiteElo "2296"]
[BlackElo "2451"]
[Result "1-0"]
[Round "6"]
[TimeControl "180+2"]
[Date "2023.07.11"]
[WhiteClock "0:00:02"]
[BlackClock "0:00:10"]
[Board "112"]

1. e4 c5 2. Nf3 Nc6 3. d3 g6 4. g3 Bg7 5. Bg2 e6 6. O-O Nge7 7. Nc3 O-O 8. Nd2 e5 9. Re1 d6 10. Nf1 h6 11. Ne3 Kh7 12. Ned5 f5 13. exf5 Nxf5 14. f4 Nfd4 15. Be4 Bd7 16. Be3 Rb8 17. Rf1 b5 18. Rf2 exf4 19. Bxf4 Ne5 20. Ne2 Bg4 21. Qf1 Nxe2+ 22. Rxe2 Bxe2 23. Qxe2 Rc8 24. Kh1 Nc6 25. Qg4 Qe8 26. Bxd6 Rf2 27. Nf4 Ne7 28. Bxe7 Rxf4 29. gxf4 Rc6 30. Bh4 Re6 31. Rg1 Rxe4 32. dxe4 Qxe4+ 33. Qg2 Qf5 34. Bf2 Bxb2 35. Be3 c4 36. Bc1 Bg7 37. Ba3 Bd4 38. Re1 Qxf4 39. Qb7+ Bg7 40. Bb4 Qd4 41. Bf8 Qg1+ 42. Kxg1 1-0


[Site "https://www.chess.com"]

[Event "Titled Tuesday Blitz July 11 Late 2023"]
[White "whiteglovethief"]
[Black "StarkyNZ"]
[WhiteElo "2451"]
[BlackElo "2291"]
[Result "1-0"]
[Round "6"]
[TimeControl "180+2"]
[Date "2023.07.11"]
[WhiteClock "0:00:11"]
[BlackClock "0:00:16"]
[Board "113"]

1. d4 Nf6 2. c4 e6 3. Nf3 b6 4. a3 Bb7 5. Nc3 d5 6. cxd5 Nxd5 7. Qc2 Nxc3 8. bxc3 c5 9. e4 Be7 10. Bb5+ Nd7 11. Ne5 Bc8 12. Nc6 Qc7 13. Nxe7 Kxe7 14. d5 a6 15. Bc6 Bb7 16. d6+ Kxd6 17. Bxd7 Kxd7 18. Bg5 f6 19. Bh4 Ke7 20. O-O Qc6 21. f3 Rad8 22. e5 Kf7 23. Rae1 Rd5 24. c4 Rd4 25. Bf2 Rd7 26. exf6 gxf6 27. Re2 e5 28. Qf5 Qe6 29. Rxe5 Qxf5 30. Rxf5 Kg6 31. Rf4 Re8 32. Rb1 Re2 33. Bh4 f5 34. Rxb6+ Kg7 35. Bf6+ Kf7 36. h4 Rd1+ 37. Kh2 Bc8 38. Rc6 Be6 39. Bg5 Rdd2 40. Rc7+ Ke8 41. Kg1 Rxg2+ 42. Kf1 Rgf2+ 43. Kg1 Rfe2 44. Re7+ Kf8 45. Kf1 h6 46. Rxe6 Rxe6 47. Rxf5+ Kg7 48. Bxd2 Kg6 49. Rxc5 Rb6 50. Ke2 Rb2 51. Rc6+ Kf5 52. Rxa6 h5 53. Ra5+ Ke6 54. Rd5 Kf6 55. Rxh5 Ke6 56. Rg5 Kf6 57. h5 Rb7 58. Rg6+ Kf7 59. Rg4 Kf6 60. Re4 Kf5 61. h6 1-0


[Site "https://www.chess.com"]

[Event "Titled Tuesday Blitz July 11 Late 2023"]
[White "Ardila, Oscar Humberto"]
[Black "Nunez V, Gustavo Eduardo"]
[WhiteFideId "4404742"]
[BlackFideId "4403690"]
[WhiteElo "2285"]
[BlackElo "2442"]
[Result "0-1"]
[Round "6"]
[TimeControl "180+2"]
[Date "2023.07.11"]
[WhiteClock "0:01:24"]
[BlackClock "0:01:48"]
[Board "114"]

1. d4 Nf6 2. c4 g6 3. Nc3 Bg7 4. Nf3 O-O 5. e4 d6 6. Be2 e5 7. d5 Nbd7 8. O-O Nc5 9. Qc2 a5 10. Bg5 h6 11. Bxf6 Bxf6 12. b3 Bg7 13. a3 f5 14. Nd2 f4 15. Qd1 h5 16. b4 Nd7 17. c5 axb4 18. axb4 Rxa1 19. Qxa1 dxc5 20. bxc5 Nxc5 21. Qa7 Qe7 22. Bc4 Kh7 23. Nb5 g5 24. Rc1 g4 25. Nb3 Nxe4 26. Bd3 Bf5 27. Rxc7 Qb4 28. Qxb7 Qe1+ 29. Bf1 Qxf2+ 30. Kh1 Qxf1# 0-1


[Site "https://www.chess.com"]

[Event "Titled Tuesday Blitz July 11 Late 2023"]
[White "Kiselev, Pavel"]
[Black "Jimenez Ruano, Adrian"]
[WhiteFideId "4191102"]
[BlackFideId "22276050"]
[WhiteElo "2276"]
[BlackElo "2439"]
[Result "1-0"]
[Round "6"]
[TimeControl "180+2"]
[Date "2023.07.11"]
[WhiteClock "0:00:19"]
[BlackClock "0:02:05"]
[Board "115"]

1. Nf3 c5 2. c4 Nf6 3. g3 d5 4. cxd5 Nxd5 5. Bg2 g6 6. O-O Bg7 7. d4 Nc6 8. dxc5 O-O 9. e4 Ndb4 10. Nc3 Bg4 11. a3 Qxd1 12. Rxd1 Nc2 13. Rb1 N6d4 14. Rd3 Nxf3+ 15. Bxf3 Ne1 16. Bxg4 Nxd3 17. Be3 Rfd8 18. Nd5 f5 19. Bf3 Ne5 20. Bg2 Kf7 21. exf5 gxf5 22. Nb4 Rd7 23. Bd5+ e6 24. Bg2 Rc8 25. Rc1 a5 26. Na2 Ng4 27. Rc2 Nxe3 28. fxe3 Bh6 29. Kf2 Rd3 30. Re2 Rxc5 31. Bxb7 Re5 32. Nc3 Rexe3 33. Rc2 e5 34. a4 e4 35. Bd5+ Kf6 36. Bc4 Rf3+ 37. Kg2 Rde3 38. Nd5+ Ke5 39. Nxe3 Rxe3 40. Bf1 Kd4 41. Rc4+ Kd5 42. Rc2 Rb3 43. Bc4+ Kd4 44. Bxb3 Kd3 45. Rc5 Kd2 46. Bc4 f4 47. gxf4 e3 48. Rxa5 Bxf4 49. Rf5 Bc7 50. Kf3 Bb6 51. Re5 h6 52. b4 Kc3 53. a5 Bd4 54. Re4 Kxc4 55. Rxd4+ Kxd4 56. Ke2 Kc4 57. Kxe3 Kxb4 58. a6 Kb5 59. a7 Kb6 60. a8=Q Kc7 61. Qf3 Kd8 62. Qh5 Ke7 63. Qxh6 Kf7 64. Qg5 Kf8 65. h4 Kf7 66. h5 Ke8 67. h6 Kf7 68. h7 Ke6 69. h8=Q Kf7 70. Qgg7+ Ke6 71. Qe8+ Kd5 72. Qgd7+ Kc4 73. Qec8+ Kb3 74. Qdb7+ Ka2 75. Qca8# 1-0


[Site "https://www.chess.com"]

[Event "Titled Tuesday Blitz July 11 Late 2023"]
[White "Rios Escobar, Adan"]
[Black "Marchesich, Giovanni"]
[WhiteFideId "3403645"]
[BlackFideId "2824790"]
[WhiteElo "2438"]
[BlackElo "2276"]
[Result "0-1"]
[Round "6"]
[TimeControl "180+2"]
[Date "2023.07.11"]
[WhiteClock "0:00:06"]
[BlackClock "0:00:08"]
[Board "116"]

1. d4 Nf6 2. g3 c5 3. d5 b5 4. a4 b4 5. c4 bxc3 6. Nxc3 d6 7. e4 g6 8. Bb5+ Nbd7 9. f4 Bg7 10. e5 Ng8 11. e6 fxe6 12. dxe6 Bb7 13. Nf3 Nf6 14. exd7+ Kf7 15. Qb3+ d5 16. Ng5+ Kg8 17. O-O h6 18. Ne6 Qb6 19. a5 Qxe6 20. a6 Bc6 21. Bxc6 Qxc6 22. Qb5 Qxb5 23. Nxb5 Nxd7 24. Nc7 Rb8 25. Nxd5 Bxb2 26. Bxb2 Rxb2 27. Nxe7+ Kf7 28. Nc6 Rc8 29. Ne5+ Nxe5 30. fxe5+ Ke6 31. Rf6+ Kxe5 32. Rxg6 c4 33. Rg7 c3 34. Rxa7 c2 35. Re7+ Kd4 36. Ree1 Kd3 37. a7 Kd2 38. Rf1 Ra8 39. Kg2 Rb7 40. Rf2+ Kc3 41. Ra3+ Kb2 42. Ra5 Kb1 43. Rc5 c1=Q 44. Rxc1+ Kxc1 45. Rf6 Raxa7 46. Rxh6 Ra2+ 47. Kh3 Rbb2 48. Kg4 Rxh2 49. Rxh2 Rxh2 50. Kf5 Kd2 51. g4 Rf2+ 52. Ke4 Rg2 53. Kf4 Kd3 54. g5 Kd4 55. Kf5 Kd5 56. Kf6 Kd6 57. g6 Rf2+ 58. Kg7 Ke7 59. Kh8 Rg2 60. g7 Kf7 61. g8=Q+ Rxg8+ 62. Kh7 Rg1 63. Kh6 Kf6 64. Kh5 Rg8 65. Kh4 Kf5 66. Kh3 Kf4 67. Kh2 Kf3 68. Kh3 Rh8# 0-1


[Site "https://www.chess.com"]